 Dungeon Crawl Stone Soup version 0.17-a0-1887-g3e50df6 (webtiles) character file.

10133 kae the Markself (level 11, -34/75 HPs)
             Began as a High Elf Hunter on Sept 23, 2015.
             Was an Elder of Okawaru.
             Killed from afar by a lich (38 damage)
             ... with an orb of energy
             ... on level 1 of the Abyss.
             The game lasted 00:22:23 (10434 turns).

kae the Markself (High Elf Hunter)                 Turns: 10434, Time: 00:22:23

Health: -34/75     AC:  9    Str:  6    XL:     11   Next: 32%
Magic:  12/12      EV: 18    Int: 15    God:    Okawaru [****..]
Gold:   381        SH:  0    Dex: 21    Spells: 0 memorised, 10 levels left

rFire  . . .     SeeInvis .     a - +2 shortbow
rCold  + . .     Clarity  .     d - +0 leather armour
rNeg   . . .     SustAt   .     (no shield)
rPois  .         Gourm    .     m - +0 helmet
rElec  .         Spirit   .     p - +1 cloak
rCorr  .         Warding  .     o - +2 pair of gloves
rMut   .         Stasis   .     (no boots)
MR     ++...                    D - amulet of faith
Stlth  ++........               J - ring of protection from magic
                                n - ring "Akonunump" {*Drain rC+ Str-5 Dex+3}

@: very resistant to hostile enchantments, unstealthy
A: dopey 1, mutation resistance 1
a: Heroism, Renounce Religion


You were on level 1 of the Abyss.
You worshipped Okawaru.
Okawaru was greatly pleased with you.
You were near starving.

You visited 1 branch of the dungeon, and saw 11 of its levels.
You visited the Abyss 1 time.

You collected 689 gold pieces.
You spent 308 gold pieces at shops.

Inventory:

Hand weapons
 a - a +2 shortbow (weapon)
 b - a +0 short sword
Missiles
 c - 13 arrows (quivered)
 F - 29 poisoned arrows
 G - 11 arrows of flame
 K - 28 arrows of frost
 P - 23 arrows of dispersal
Armour
 d - a +0 leather armour (worn)
 m - a +0 helmet (worn)
 o - a +2 pair of gloves (worn)
 p - a +1 cloak (worn)
Jewellery
 k - a +2 ring of protection
 n - the ring "Akonunump" (left hand) {*Drain rC+ Str-5 Dex+3}
   (You found it on level 8 of the Dungeon)

   [ring of strength]

   It affects your strength (-5).
   It affects your dexterity (+3).
   It protects you from cold.
   It causes draining when unequipped.
 y - an uncursed amulet of clarity {unknown}
 D - an amulet of faith (around neck)
 E - an uncursed amulet of regeneration
 I - an uncursed ring of sustain attributes
 J - a ring of protection from magic (right hand)
 Q - an uncursed ring of see invisible
 Z - an uncursed ring of flight
Magical devices
 M - a wand of enslavement (10)
 U - a wand of heal wounds (7)
 V - a wand of slowing (23)
 W - a wand of lightning (5)
 X - a wand of frost (36)
Scrolls
 e - 6 scrolls of remove curse
 t - 5 scrolls of teleportation
 v - 2 scrolls of enchant weapon
 x - a scroll of recharging
 N - 2 scrolls of enchant armour
 R - a scroll of fog
 S - 2 scrolls of magic mapping
Potions
 f - 2 potions of brilliance
 g - 3 potions of haste
 h - 2 potions of ambrosia
 j - 6 potions of curing
 l - a potion of cure mutation
 q - a potion of beneficial mutation
 r - 2 potions of magic
 u - 3 potions of flight
 w - 2 potions of invisibility
 A - a potion of resistance
 L - a potion of agility
Books
 H - a book of Annihilations

   Spells                             Type                      Level
   a - Poison Arrow                   Conjuration/Poison           6
   b - Chain Lightning                Conjuration/Air              8
   c - Lehudib's Crystal Spear        Conjuration/Earth            8
   d - Glaciate                       Conjuration/Ice              9
   e - Fire Storm                     Conjuration/Fire             9
 O - a book of Debilitation

   Spells                             Type                      Level
   a - Corona                         Hexes                        1
   b - Slow                           Hexes                        2
   c - Gell's Gravitas                Hexes/Translocation          3
   d - Inner Flame                    Hexes/Fire                   3
   e - Cause Fear                     Hexes                        4
   f - Leda's Liquefaction            Hexes/Earth                  4
Comestibles
 i - 7 meat rations
 z - 5 bread rations
 B - 4 fruits
 C - 8 beef jerkies
 T - 9 royal jellies


   Skills:
 + Level 7.5 Fighting
 - Level 18.2 Bows
 + Level 8.1 Dodging
 - Level 1.1 Stealth


You had 10 spell levels left.
You didn't know any spells.

Dungeon Overview and Level Annotations

Branches:
Dungeon (11/15)            Temple (0/1) D:6            Lair (0/8) D:11
    Orc: D:9-12

Altars:
Ashenzari
Cheibriados
Fedhas
Gozag
Kikubaaqudgha
Makhleb
Okawaru
Qazlal
Sif Muna
Trog
Vehumet
Zin

Shops:
D:5 (   D:8 *[=?


Innate Abilities, Weirdness & Mutations

You are dopey. (Int -2)
You are somewhat resistant to further mutation.


Message History

The lich summons a servant imbued with its destructive magic!
Firing (i - inventory. (,) - cycle):
c - 15 arrows (quivered)
Press: ? - help, Shift-Dir - straight line, f/p - raiju
Aim: a raiju (severely wounded)
You shoot an arrow.
The arrow hits the raiju but does no damage.
The raiju is severely wounded.
Firing (i - inventory. (,) - cycle):
c - 14 arrows (quivered)
Press: ? - help, Shift-Dir - straight line, f/p - raiju
Aim: a raiju (severely wounded)
You shoot an arrow. The arrow hits the raiju!
The raiju is almost dead.
The raiju bursts into living lightning!
The living lightning hits you!
* * * LOW HITPOINT WARNING * * *
The raiju blinks!
The lich gestures at you while chanting.
The orb of energy hits you!
Ouch! That really hurt!
You die...

.# ##### ?#.#####.#
.....h.#.#.#
..(...#....#.# ..#
..........@#.# ..
......L....ยง.(h(##
#.....8.......#(#
.............(##
..............(..#
.'.............(..
#...............##
#...............#.
...............#


You could see a lich and 2 raiju.

Vanquished Creatures
  Harold (D:11)
  A thrashing horror (Abyss:1)
  Pikel (D:7)
  A hill giant (D:6)
  An elephant (D:11)
  A centaur zombie (D:11)
  A deep elf mage (D:11)
  A hippogriff (D:10)
  Eustachio (D:6)
  A wraith (D:11)
  Grum (D:8)
  6 yaks (D:9)
  4 wolves (D:8)
  2 soldier ants (D:8)
  2 ice beasts
  A water moccasin (D:8)
  3 black bears (D:7)
  3 slaves (D:7)
  6 orc warriors
  2 phantoms
  3 ogres
  2 sky beasts
  A wasp (D:11)
  Blork the orc (D:6)
  A brain worm (D:8)
  A small abomination (Abyss:1)
  6 centaurs
  A wyvern zombie (D:4)
  5 giant frogs
  8 killer bees
  A water moccasin skeleton (D:11)
  2 scorpions
  A quasit (D:9)
  3 crimson imps
  5 hounds
  2 giant frog zombies (D:6)
  16 orc wizards
  13 orc priests
  A giant frog skeleton (D:6)
  2 jellies
  3 iguanas
  3 worker ants
  2 sheep (D:11)
  2 hound skeletons
  Robin (D:2)
  13 adders
  9 gnolls
  2 shadow imps
  An adder skeleton (D:6)
  2 worms
  3 giant geckos
  44 orcs
  2 ball pythons
  6 giant cockroaches
  21 goblins
  4 hobgoblins
  4 jackals (D:8)
  8 bats
  4 giant newts
  6 kobolds
  3 quokkas
  A quokka skeleton (D:4)
  A quokka zombie (D:5)
  7 rats
267 creatures vanquished.

Vanquished Creatures (others)
  A slave (D:7)
  4 toadstools (D:1)
5 creatures vanquished.

Grand Total: 272 creatures vanquished

Notes
Turn   | Place    | Note
--------------------------------------------------------------
     0 | D:1      | kae the High Elf Hunter began the quest for the Orb.
     0 | D:1      | Reached XP level 1. HP: 14/14 MP: 2/2
   339 | D:1      | Reached XP level 2. HP: 8/19 MP: 3/3
   342 | D:1      | Reached skill level 6 in Bows
   840 | D:2      | Found a snail-covered altar of Cheibriados.
   906 | D:2      | Found a blossoming altar of Fedhas.
   909 | D:2      | Reached XP level 3. HP: 24/24 MP: 4/4
  1118 | D:2      | Reached skill level 7 in Bows
  1537 | D:3      | Noticed Robin
  1558 | D:2      | Killed Robin
  1558 | D:2      | Reached XP level 4. HP: 19/29 MP: 5/5
  1920 | D:3      | Reached skill level 8 in Bows
  1921 | D:3      | Reached XP level 5. HP: 18/34 MP: 6/6
  2207 | D:3      | Found a shattered altar of Ashenzari.
  2419 | D:4      | Reached skill level 9 in Bows
  2492 | D:4      | Reached XP level 6. HP: 34/39 MP: 7/7
  2536 | D:4      | Reached skill level 10 in Bows
  2837 | D:4      | Found an iron altar of Okawaru.
  3027 | D:4      | Became a worshipper of Warmaster Okawaru
  3043 | D:4      | Found a glowing silver altar of Zin.
  3230 | D:4      | Reached skill level 11 in Bows
  3230 | D:4      | Reached XP level 7. HP: 26/45 MP: 8/8
  3424 | D:5      | Entered Level 5 of the Dungeon
  3544 | D:5      | Acquired Okawaru's first power
  3593 | D:5      | Reached skill level 12 in Bows
  4197 | D:5      | Reached XP level 8. HP: 24/50 MP: 6/9
  4339 | D:5      | Reached skill level 13 in Bows
  4378 | D:5      | Found Wyawed's Weapon Shoppe.
  4754 | D:6      | Found a staircase to the Ecumenical Temple.
  4991 | D:6      | Reached skill level 14 in Bows
  5062 | D:6      | Found a deep blue altar of Sif Muna.
  5062 | D:6      | Found an iron altar of Okawaru.
  5334 | D:6      | Noticed Blork the orc
  5339 | D:6      | Killed Blork the orc
  5386 | D:6      | Noticed a hill giant
  5398 | D:6      | Killed a hill giant
  5398 | D:6      | Reached skill level 15 in Bows
  5398 | D:6      | Reached XP level 9. HP: 54/54 MP: 7/10
  5441 | D:6      | Noticed Eustachio
  5457 | D:6      | Killed Eustachio
  5885 | D:7      | Found an ancient bone altar of Kikubaaqudgha.
  5888 | D:7      | Found a radiant altar of Vehumet.
  5894 | D:7      | Noticed Pikel
  5916 | D:7      | Killed Pikel
  5916 | D:7      | Reached skill level 16 in Bows
  6074 | D:7      | Found a stormy altar of Qazlal.
  6293 | D:7      | Reached skill level 17 in Bows
  6514 | D:7      | Found a bloodstained altar of Trog.
  6705 | D:8      | Found an opulent altar of Gozag.
  6775 | D:8      | Noticed Grum
  6783 | D:8      | Killed Grum
  6783 | D:8      | Received a gift from Okawaru
  6793 | D:8      | Reached XP level 10. HP: 52/60 MP: 9/11
  6802 | D:8      | Reached skill level 18 in Bows
  6861 | D:8      | Found Plog's Jewellery Boutique.
  6878 | D:8      | Bought a cursed -4 ring of dexterity for 22 gold pieces
  6911 | D:8      | Found a burning altar of Makhleb.
  6996 | D:8      | Found Lediez's Assorted Antiques.
  7029 | D:8      | Bought a scroll of identify for 58 gold pieces
  7029 | D:8      | Bought a scroll of identify for 58 gold pieces
  7029 | D:8      | Bought a scroll of identify for 58 gold pieces
  7166 | D:8      | Got a smoking iron ring
  7174 | D:8      | Found Esailon's Antique Armour Shoppe.
  7347 | D:8      | Found Jowit's Magic Scroll Shoppe.
  7351 | D:8      | Bought a scroll of identify for 30 gold pieces
  7351 | D:8      | Bought a scroll of identify for 30 gold pieces
  7351 | D:8      | Bought a scroll of magic mapping for 52 gold pieces
  8030 | D:9      | Received a gift from Okawaru
  8522 | D:9      | Reached skill level 5 in Dodging
  8530 | D:9      | Reached skill level 5 in Fighting
  8827 | D:10     | Entered Level 10 of the Dungeon
  8867 | D:10     | Identified the cursed ring "Akonunump" {*Drain rC+ Str-5 Dex+3} (You found it on level 8 of the Dungeon)
  9275 | D:10     | Received a gift from Okawaru
  9866 | D:11     | Noticed an elephant
  9888 | D:11     | Killed an elephant
  9888 | D:11     | Reached XP level 11. HP: 72/72 MP: 10/12
  9907 | D:11     | Found a staircase to the Lair.
  9947 | D:11     | Gained mutation: You are somewhat resistant to further mutation. [potion of beneficial mutation]
 10251 | D:11     | Noticed Harold
 10288 | D:11     | Killed Harold
 10288 | D:11     | Received a gift from Okawaru
 10358 | D:11     | Gained mutation: You are dopey. (Int -2) [a neqoxec]
 10359 | D:11     | Cast into the Abyss (kobold demonologist)
 10382 | Abyss:1  | Noticed a thrashing horror
 10392 | Abyss:1  | Killed a thrashing horror
 10427 | Abyss:1  | Noticed a lich
 10434 | Abyss:1  | Killed from afar by a lich

Vault maps used:
D:1:      ldierk_walled_garden_2, roderic_lattice_a
D:2:      lemuel_doored_altar, fedhas_altar_1
D:3:      evilmike_ruin_ashenzari, uniq_robin
D:4:      zin_treasury, okawaru_trees_2
D:5:      first_bread, serial_shops, shop, kennysheep_generic_room_13
D:6:      gammafunk_temple_overflow_statue, minmay_temple_entry_enclosed_plants,
          uniq_eustachio, uniq_blork_the_orc
D:7:      grunt_temple_overflow_open, trog_ov_bears_minmay, uniq_pikel
D:8:      nicolae_gozag_cash_rules_everything_around_me,
          makhleb_heckhound_becter, serial_shops, nicolae_shop_waterfront,
          kennysheep_mini_moat, shop, shop, hangedman_pestilent_swarm,
          minmay_misc_feat_alley, minivault_12, uniq_grum
D:11:     david_lair_generic, minmay_three_doors, uniq_harold, uniq_josephine,
          uniq_nergalle

Action                   |  1- 3 |  4- 6 |  7- 9 | 10-12 || total
-------------------------+-------+-------+-------+-------++-------
Melee: Short sword       |    85 |    61 |    74 |    41 ||   261
 Fire: Shortbow          |    42 |   144 |   400 |   508 ||  1094
Invok: Heroism           |       |       |     8 |     7 ||    15
  Use: Scroll            |     6 |     2 |    11 |     9 ||    28
       Potion            |       |       |       |     6 ||     6
 Stab: Sleeping          |     4 |       |       |     1 ||     5
  Eat: Chunk             |     1 |     6 |     6 |    12 ||    25
       Bread ration      |       |       |     1 |       ||     1
